 Dungeon Crawl Stone Soup version 0.27.1-3-gb3d3a73c9e (webtiles) character file.

Game seed: 10516753161601541287

3 sking99 the Shield-Bearer (level 1, 22/22 HPs)
             Began as a Troll Fighter on Oct 13, 2021.
             Was a Follower of Vehumet.
             Quit the game on level 1 of the Dungeon.
             The game lasted 00:00:23 (96 turns).

sking99 the Shield-Bearer (Troll Fighter)             Turns: 96, Time: 00:00:23

Health: 22/22      AC:  4    Str: 23    XL:     1   Next: 41%
Magic:  0/0        EV:  7    Int:  4    God:    Vehumet [*.....]
Gold:   0          SH:  8    Dex:  9    Spells: 0/0 levels left

rFire    . . .     SeeInvis .     - Unarmed
rCold    . . .     Faith    .   b - +0 kite shield
rNeg     . . .     Spirit   .   a - +0 robe
rPois    .         Reflect  .   (helmet restricted)
rElec    .         Harm     .   (no cloak)
rCorr    .         Rampage  .   (gloves unavailable)
Will     .....                  (boots unavailable)
Stlth    +.........             (no amulet)
HPRegen  1.07/turn              (no ring)
MPRegen  0.07/turn              (no ring)

@: no status effects
A: large, unfitting armour, claws 3, regeneration 1, shaggy fur 1, tough skin 1
a: Renounce Religion


You were on level 1 of the Dungeon.
You worshipped Vehumet.
Vehumet was aware of your devotion.
You visited 1 branch of the dungeon, and saw 1 of its levels.

Inventory:

Armour
 a - a +0 robe (worn)
 b - a +0 kite shield (worn)
Potions
 c - a potion of might
 d - a potion of attraction {unknown}


   Skills:
 + Level 2.4 Fighting
 - Level 2.4 Dodging
 - Level 2.4 Shields
 * Level 2.2 Unarmed Combat


You couldn't memorise any spells.
You didn't know any spells.
Your spell library was empty.

Dungeon Overview and Level Annotations

Branches:
Dungeon (1/15)

Altars:
Vehumet

Shops:
D:1 [


Innate Abilities, Weirdness & Mutations

You are too large for most types of armour.
You have claws for hands.
Your natural rate of healing is unusually fast.
You are covered in fur. (AC +1)
You have tough skin. (AC +1)


Message History

You kill the quokka!
No target in view!
Found a red potion.
d - a red potion A hobgoblin comes into view.
A hobgoblin is nearby!
A hobgoblin is nearby!
The hobgoblin hits you.
You closely miss the hobgoblin. You block the hobgoblin's attack.
You barely miss the hobgoblin. The hobgoblin barely misses you.
You closely miss the hobgoblin.
The hobgoblin hits you but does no damage.
You barely miss the hobgoblin. You block the hobgoblin's attack.
You claw the hobgoblin!
You kill the hobgoblin!
No target in view!
No target in view!
You see here a hobgoblin corpse.
Found a whip.
You see here a +0 whip.
A frilled lizard comes into view.
A frilled lizard is nearby!
A frilled lizard is nearby!
You claw the frilled lizard!
You kill the frilled lizard!
No target in view!
You see here a frilled lizard corpse.
Found Gihucunt's Antique Armour Shoppe.
Found a faded altar of an unknown god.
There is an entrance to Gihucunt's Antique Armour Shoppe here.
There is a fountain of clear blue water here.
Found a stone staircase leading down.
A quokka comes into view.
There is a faded altar of an unknown god here.
You cannot tell which god this altar belongs to.
Convert to them anyway?
Vehumet accepts your prayer! Vehumet welcomes you!
You can now gain magical power from killing.
Vehumet offers you knowledge of Sandblast.
Are you sure you want to abandon this character and quit the game? (Confirm with "yes".)

... ..####
####......
####.......#
.......>..## #.#
#....r....# #.#
#........# #.#
#..@.....# #.#
#........##### #.#
#............. #.#
#........########.##
#........## #......
#.###.....# #.##.##
#. #.....####.##.#
#. #⌠.⌠........#.#
#.∩...#######.#


You could see a quokka.

Vanquished Creatures
  A hobgoblin (D:1)
  A quokka (D:1)
  A frilled lizard (D:1)
3 creatures vanquished.

Notes
Turn   | Place    | Note
-------+----------+-------------------------------------------
     0 | D:1      | sking99 the Troll Fighter began the quest for the Orb.
     0 | D:1      | Reached XP level 1. HP: 22/22 MP: 0/0
    79 | D:1      | Found Gihucunt's Antique Armour Shoppe.
    82 | D:1      | Found a faded altar of an unknown god.
    95 | D:1      | Became a worshipper of Vehumet
    95 | D:1      | Reached * piety under Vehumet
    95 | D:1      | Offered knowledge of Sandblast by Vehumet.
    96 | D:1      | Quit the game

Illustrated notes

Levels and vault maps discovered:
D:1:      wander_arrival_desolate, layout_basic, basic_ecumenical_altar,
          serial_shops, shop_fountains, nicolae_lakefront_shop

Action                   || total
-------------------------++-------
Melee: Unarmed           ||     7
Armor: Robe              ||     1
Dodge: Dodged            ||     1
Block: Kite shield       ||     2
